 Dungeon Crawl Stone Soup version 0.27.1 (webtiles) character file.

Game seed: 8501801315003959407

315 MacCMillion the Skirmisher (level 6, -2/48 (56) HPs)
             Began as a Hill Orc Fighter on Aug 30, 2021.
             Slain by an ogre (19 damage)
             ... on level 4 of the Dungeon.
             The game lasted 00:06:59 (3962 turns).

MacCMillion the Skirmisher (Hill Orc Fighter)       Turns: 3962, Time: 00:07:00

HP:   -2/48 (56)    AC:  9    Str: 21    XL:     6   Next: 43%
MP:   6/6           EV:  7    Int:  8    God:
Gold: 158           SH:  9    Dex: 10    Spells: 5/5 levels left

rFire    . . .     SeeInvis .   a - +0 war axe
rCold    . . .     Faith    .   c - +0 kite shield
rNeg     . . .     Spirit   .   b - +0 scale mail
rPois    +         Reflect  .   (no helmet)
rElec    .         Harm     .   q - +0 cloak
rCorr    .         Rampage  .   g - +0 pair of gloves {archery}
Will     .....                  (no boots)
Stlth    ..........             (no amulet)
HPRegen  0.16/turn              r - ring of poison resistance
MPRegen  0.10/turn              (no ring)

@: heavily drained
A: no striking features
a: no special abilities


You were on level 4 of the Dungeon.
You visited 1 branch of the dungeon, and saw 4 of its levels.

You collected 158 gold pieces.

Inventory:

Hand Weapons
 a - a +0 war axe (weapon)
Armour
 b - a +0 scale mail (worn)
 c - a +0 kite shield (worn)
 g - a +0 pair of gloves of archery (worn)
 q - a +0 cloak (worn)
Jewellery
 r - a ring of poison resistance (left hand)
Scrolls
 e - 3 scrolls of identify {unknown}
 h - a scroll of enchant armour {unknown}
 j - 4 scrolls of teleportation {unknown}
 l - a scroll of enchant weapon {unknown}
 p - a scroll of blinking {unknown}
Potions
 d - a potion of might
 f - a potion of invisibility {unknown}
 i - a potion of attraction {unknown}
 k - a potion of mutation {unknown}
 m - a potion of berserk rage {unknown}
 n - a potion of haste {unknown}
 o - a potion of heal wounds {unknown}


   Skills:
 - Level 5.0 Fighting
 + Level 4.9 Axes
 + Level 4.9 Armour
 + Level 4.8 Shields


You had 5 spell levels left.
You didn't know any spells.
Your spell library was empty.

Dungeon Overview and Level Annotations

Branches:
Dungeon (4/15)
 Temple: D:4-7

Altars:

Shops:
D:2 =


Message History

You block the adder skeleton's attack.
You hit the adder skeleton but do no damage.
The adder skeleton is lightly damaged.
The adder skeleton barely misses you. The adder skeleton closely misses you.
You barely miss the adder skeleton.
The adder skeleton is lightly damaged.
You block the adder skeleton's attack.
The adder skeleton bites you but does no damage.
You barely miss the adder skeleton.
The adder skeleton is lightly damaged.
The adder skeleton bites you.
You barely miss the adder skeleton.
The adder skeleton is lightly damaged.
The adder skeleton bites you but does no damage.
You block the adder skeleton's attack.
You hit the adder skeleton.
The adder skeleton is moderately damaged.
The adder skeleton closely misses you. The adder skeleton barely misses you.
You slash the adder skeleton!
The adder skeleton is almost destroyed.
The adder skeleton barely misses you.
You barely miss the adder skeleton.
The adder skeleton is almost destroyed.
The adder skeleton bites you but does no damage. x2
You hit the adder skeleton.
You destroy the adder skeleton!
r - a ring of poison resistance
r - a ring of poison resistance (left hand) HP restored.
A ball python and an ogre come into view.
The ogre shouts!
The ball python hisses angrily.
You hit the ogre.
The ogre is lightly wounded.
The ogre hits you with a +0 giant club!
You barely miss the ogre.
The ogre is lightly wounded.
The ogre hits you with a +0 giant club!!
You block the ball python's attack. x2
The ogre hits you with a +0 giant club!!
You die...

#.# #.# .. #.# ..#
#.# .... ..# ... #.#
## #.########.##
#..#..^.....#S.#####
............@O.......
####.......##.######
##......# .#
###.......# .#
#...<.....# .#
......##......# .##
###### ######## ..###
########...##
##............


You could see an ogre and a ball python.

Vanquished Creatures
  A wight (D:4)
  A jelly (D:4)
  An orc priest (D:3)
  A hound (D:4)
  Jessica (D:1)
  A hound zombie (D:3)
  Robin (D:3)
  5 adders
  An adder skeleton (D:4)
  A worm (D:2)
  2 dart slugs
  7 orcs
  5 endoplasms
  4 giant cockroaches
  11 goblins
  5 hobgoblins
  6 jackals (D:1)
  5 ball pythons
  3 bats
  3 frilled lizards
  5 kobolds
  6 rats
76 creatures vanquished.

Notes
Turn   | Place    | Note
-------+----------+-------------------------------------------
     0 | D:1      | MacCMillion the Hill Orc Fighter began the quest for the
                  | Orb.
     0 | D:1      | Reached XP level 1. HP: 19/19 MP: 1/1
    84 | D:1      | Reached XP level 2. HP: 19/27 MP: 2/2
   566 | D:1      | Reached skill level 4 in Fighting
   570 | D:1      | Reached XP level 3. HP: 30/33 MP: 3/3
   615 | D:1      | Found a faded altar of an unknown god.
  1021 | D:2      | Noticed Jessica
  1052 | D:1      | Killed Jessica
  1053 | D:1      | Reached XP level 4. HP: 21/41 MP: 4/4
  1235 | D:2      | Found Guheer's Jewellery Emporium.
  1883 | D:3      | Noticed Robin
  1915 | D:3      | Killed Robin
  1918 | D:3      | Reached XP level 5. HP: 9/47 MP: 5/5
  2973 | D:4      | Reached skill level 5 in Fighting
  3000 | D:4      | Reached XP level 6. HP: 53/56 MP: 6/6
  3962 | D:4      | Slain by an ogre

Illustrated notes

Levels and vault maps discovered:
D:1:      mrwooster_arrival_statue_2, layout_loops_ring, serial_rivers,
          chequers_serial_rivers_small_b, chequers_serial_rivers_micro_c,
          chequers_serial_rivers_small_a, chequers_serial_rivers_marsh,
          ebering_ecumenical_altar_rust
D:2:      layout_loops_ring, serial_shops, nicolae_shop_trees, uniq_jessica
D:3:      layout_basic, uniq_robin
D:4:      gammafunk_cloud_chamber, layout_rooms, nicolae_zen_rock_garden,
          minmay_misc_feat_tower, minmay_door_square

Skill      XL: |  1  2  3  4  5 |
---------------+----------------+-----
Axes           | 3 4 |  4.9
Fighting       | 4 5 |  5.0
Armour         | 4 |  4.9
Shields        | 4 |  4.8

Action                   |  1- 3 |  4- 6 || total
-------------------------+-------+-------++-------
Melee: War axe           |    83 |   142 ||   225
  Use: Potion            |       |     2 ||     2
Armor: Scale mail        |    39 |    60 ||    99
       Skin              |       |    16 ||    16
Dodge: Dodged            |    30 |    49 ||    79
Block: Kite shield       |    45 |    81 ||   126
